 Dungeon Crawl Stone Soup version 0.28.0-45-g0d030f2227 (webtiles) character file.

Game seed: 8604221608177699167

200 Kangaroobicon the Cudgeller (level 5, -1/53 HPs)
             Began as a Troll Monk on Apr 18, 2022.
             Slain by Menkaure (20 damage)
             ... on level 4 of the Dungeon.
             The game lasted 00:27:35 (3186 turns).

Kangaroobicon the Cudgeller (Troll Monk)            Turns: 3186, Time: 00:27:36

Health: -1/53      AC:  4    Str: 19    XL:     5   Next: 49%
Magic:  4/4        EV: 11    Int:  6    God:
Gold:   179        SH:  0    Dex: 14    Spells: 4/4 levels left

rFire   + . .      SeeInvis .   a - +0 mace
rCold   . . .      Faith    .   s - orb {*channel}
rNeg    . . .      Spirit   .   b - +0 robe
rPois   .          Reflect  .   (helmet restricted)
rElec   .          Harm     .   (no cloak)
rCorr   .          Rampage  .   (gloves unavailable)
Will    .....                   (boots unavailable)
Stlth   ++........              (no amulet)
HPRegen 0.97/turn               v - ring of protection from fire
MPRegen 0.09/turn               (no ring)

@: no status effects
A: large, unfitting armour, claws 3, regeneration 1, shaggy fur 1, tough skin 1
a: no special abilities


You were on level 4 of the Dungeon.
You visited 1 branch of the dungeon, and saw 4 of its levels.
You also visited: Sewer.

You collected 179 gold pieces.

Inventory:

Hand Weapons
 a - a +0 mace (weapon)
 q - a +2 whip of venom
Missiles
 c - 129 stones (quivered)
 d - 40 sling bullets
 m - 25 arrows
 p - 4 javelins
 u - 5 poisoned darts
Armour
 b - a +0 robe (worn)
 j - a scarf of harm
 s - an orb of energy (worn)
Jewellery
 v - a ring of protection from fire (left claw)
Wands
 r - a wand of flame (19)
Scrolls
 e - a scroll of blinking {unknown}
 f - 3 scrolls of teleportation
 h - a scroll of brand weapon {unknown}
 i - 2 scrolls of vulnerability {unknown}
 k - a scroll of holy word {unknown}
 l - a scroll of summoning {unknown}
 n - a scroll of fear {unknown}
Potions
 g - 2 potions of haste
 o - a potion of heal wounds
 t - a potion of flight {unknown}


   Skills:
 + Level 3.1 Fighting
 + Level 3.9 Maces & Flails
 * Level 1.2 Throwing
 + Level 3.3 Dodging
 + Level 1.4 Stealth


You had 4 spell levels left.
You didn't know any spells.
Your spell library contained the following spells:

 Spells                   Type           Power      Damage    Failure   Level
 Freeze                   Ice            0%         1d3       45%         1
 Pain                     Necr           0%         1d4       45%         1
 Frozen Ramparts          Ice            0%         1d2       83%         3
 Tukima's Dance           Hex            0%         N/A       83%         3
 Anguish                  Hex/Necr       0%         N/A       99%         4
 Hailstorm                Conj/Ice       0%         3d3       99%         4
 Agony                    Necr           0%         N/A       100%        5
 Excruciating Wounds      Necr           0%         N/A       100%        5
 Enfeeble                 Hex            0%         N/A       100%        7


Dungeon Overview and Level Annotations

Branches:
Dungeon (4/15)              Sewer (visited)
 Temple: D:4-7

Altars:

Annotations:
D:4 Menkaure


Innate Abilities, Weirdness & Mutations

You are too large for most types of armour.
You have claws for hands.
Your natural rate of healing is unusually fast.
You are covered in fur. (AC +1)
You have tough skin. (AC +1)


Message History

There is an open door here.
Found a robe.
You open the door.
There is an open door here.
You see here a +0 leather armour.
You open the door.
There is an open door here.
There is an open door here.
You open the door.
There is an open door here.
You open the door.
There is an open door here.
You open the door.
There is an open door here.
You open the door.
There is an open door here.
You open the door.
There is an open door here.
Menkaure, Prince of Dust comes into view.
Menkaure shouts!
Menkaure gestures wildly while chanting.
Menkaure seems to speed up.
You start removing your armour.
You continue taking off your scarf of harm. x4
You finish taking off your scarf of harm.
You thump Menkaure!
Menkaure is moderately damaged.
Menkaure hits you!!
You hit Menkaure.
Menkaure is heavily damaged.
Menkaure casts a spell at you. Pain shoots through your body!
You hit Menkaure but do no damage.
Menkaure is heavily damaged.
Menkaure casts a spell at you. Pain shoots through your body!
Menkaure hits you.
You sock Menkaure!
Menkaure is almost destroyed.
Menkaure hits you!!
You die...

#..##..#....#.....#...<.#
+......#....#.....#.....#
#..##..#....#.....#.....'
#..#####....#.....#.....#
#......#....#.....#.....#
#####..#....#.....#.....#
#..#....####'##.....#
#..'................#
#..#@...............#
#..#M...............#
#..#................#
#..#....#######.....#
#..#....# #.....#
#..#....# #.....#
#..#....# #.....# +....#
#.....# #.....#


You could see Menkaure (fast).

Vanquished Creatures
  Pargi (Sewer)
  3 adders
  A worm (D:4)
  2 dart slugs
  2 orcs (D:4)
  11 bats
  6 endoplasms
  6 giant cockroaches
  8 hobgoblins
  4 jackals (D:1)
  6 quokkas
  6 ball pythons
  4 frilled lizards
  2 goblins
  5 kobolds
  3 rats
70 creatures vanquished.

Notes
Turn   | Place    | Note
-------+----------+-------------------------------------------
     0 | D:1      | Kangaroobicon the Troll Monk began the quest for the Orb.
     0 | D:1      | Reached XP level 1. HP: 22/22 MP: 0/0
   330 | D:1      | Noticed a shining eye
   340 | D:1      | Found a faded altar of an unknown god.
   345 | D:1      | Noticed an eye of devastation
   349 | D:1      | Noticed a shining eye
   364 | D:1      | Reached XP level 2. HP: 29/29 MP: 1/1
   367 | D:1      | Noticed a shining eye
   789 | D:2      | Reached XP level 3. HP: 36/36 MP: 2/2
  1385 | D:3      | Reached XP level 4. HP: 12/44 MP: 3/3
  1536 | D:3      | Found a glowing drain.
  1586 | Sewer    | Entered a sewer
  1622 | Sewer    | Noticed Pargi
  2056 | Sewer    | Killed Pargi
  2057 | Sewer    | Reached skill level 1 in Throwing
  2057 | Sewer    | Reached XP level 5. HP: 33/53 MP: 4/4
  3177 | D:4      | Noticed Menkaure
  3186 | D:4      | Slain by Menkaure

Illustrated notes

Levels and vault maps discovered:
D:1:      wander_arrival_desolate, layout_basic,
          hellmonk_ecumenical_altar_watching_god, minmay_pentomino_o2
D:2:      layout_basic, minmay_bisected
D:3:      layout_loops_ring, portal_sewer_entry_f, minmay_ruptured
D:4:      layout_gridville, uniq_menkaure

Skill      XL: |  1  2  3  4 |
---------------+-------------+-----
Maces & Flails | 3 |  3.9
Dodging        | 3 |  3.3
Fighting       | 3 |  3.1
Throwing       | 1 |  1.2
Stealth        | |  1.4

Action                   |  1- 3 |  4- 6 || total
-------------------------+-------+-------++-------
Melee: Mace              |   143 |   126 ||   269
       Punch             |     1 |     1 ||     2
  Use: Scroll            |       |     3 ||     3
       Potion            |       |     1 ||     1
 Stab: Sleeping          |     4 |     3 ||     7
Armor: Robe              |    57 |    60 ||   117
Dodge: Dodged            |    82 |   107 ||   189
